Map: Orbital Shipyard

Players

LindyHop - Winner!

  • Race: Zerg Zerg
  • League: Platinum

A.I. 1 (Hard)

  • Race: Terran Terran

VOD

Have the link to the VOD?

Description

Time

  • Played on: Dec. 11, 2015, 11 p.m.
  • Length: 11:07
Show
View Real Time Build Order
Export as new Build Order

LindyHop Zerg - Winner!

Build Orders: Hatch First, Muta Ling Bane 

Get SALT Encoding   

  12  0:01  Drone  
  13  0:12  Overlord  
  13  0:17  Drone  
  14  0:30  Drone x2  
  14  0:34  Drone  
  17  0:54  Hatchery  
  16  0:57  Drone  
  16  1:03  Drone  
  18  1:06  Drone, Extractor  
  18  1:20  Spawning Pool  
  18  1:23  Drone  
  18  1:28  Drone  
  19  1:39  Overlord  
  19  2:07  Metabolic Boost  
  19  2:08  Queen  
  19  2:09  Queen  
  23  2:15  Drone x4  
  27  2:24  Overlord  
  27  2:32  Zergling x4  
  29  2:37  Drone  
  29  2:39  Drone  
  31  2:53  Drone x2  
  33  2:59  Drone  
  34  3:06  Drone  
  34  3:09  Drone  
  34  3:10  Drone, Queen  
  39  3:14  Hatchery  
  39  3:18  Drone x2  
  40  3:21  Drone x3  
  40  3:24  Overlord  
  43  3:35  Drone x2, Extractor  
  43  3:37  Extractor  
  43  3:39  Overlord x2  
  43  3:45  Drone  
  43  3:53  Roach Warren  
  42  3:57  Zergling x8  
  42  3:58  Zergling x6  
  50  4:10  Drone x2  
  51  4:21  Drone x2  
  53  4:25  Queen  
  53  4:31  Drone x4  
  56  4:32  Drone  
  59  4:40  Lair, Drone x2  
  59  4:44  Roach x3  
  67  4:45  Evolution Chamber  
  67  4:46  Evolution Chamber  
  65  4:53  Drone x2  
  65  4:54  Drone  
  65  4:55  Drone  
  69  5:07  Extractor  
  69  5:08  Drone x5  
  69  5:13  Zerg Missile Weapons Level 1, Zerg Ground Armor Level 1  
  73  5:18  Overlord  
  73  5:19  Overlord x3  
  73  5:22  Overlord  
  73  5:29  Extractor  
  73  5:31  Extractor  
  71  5:40  Drone x3  
  71  5:42  Glial Reconstitution  
  74  5:44  Roach x6  
  74  5:45  Roach  
  74  5:49  Drone x3  
  91  5:50  Drone  
  91  5:56  Overlord x2  
  92  6:06  Roach x6  
  104  6:15  Baneling Nest  
  103  6:24  Drone  
  104  6:28  Drone  
  104  6:29  Drone x6  
  104  6:31  Burrow  
  111  6:35  Roach  
  111  6:37  Roach  
  111  6:38  Roach x2  
  111  6:39  Roach x3  
  125  6:49  Roach x2  
  125  6:50  Overlord x4  
  129  7:05  Hatchery  
  128  7:14  Roach  
  128  7:15  Overlord x2  
  130  7:16  Overlord  
  130  7:17  Roach  
  130  7:18  Zerg Missile Weapons Level 2  
  130  7:19  Zerg Ground Armor Level 2  
  132  7:25  Roach x3  
  132  7:26  Roach x3  
  132  7:27  Roach  
  132  7:29  Roach  
  148  7:30  Roach  
  150  7:39  Centrifical Hooks  
  150  7:46  Extractor  
  150  7:48  Spire  
  150  7:49  Ravager, Extractor  
  148  7:54  Roach x3  
  154  8:06  Roach  
  154  8:07  Roach x6  
  168  8:15  Drone x4  
  168  8:17  Roach x2  
  176  8:26  Tunneling Claws  
  176  8:27  Roach  
  176  8:28  Roach x2  
  182  8:37  Roach x3  
  182  8:38  Roach  
  190  8:51  Zergling x2  
  191  9:01  Zerg Flyer Weapons Level 1  
  191  9:07  Infestation Pit  
  191  9:08  Zergling x2  
  191  9:09  Zergling x4  
  191  9:21  Overlord  
  191  9:22  Overlord x6  
  181  9:31  Roach  
  181  9:32  Overlord, Zergling x6  
  181  9:33  Overlord, Mutalisk x2  
  181  9:35  Overlord x3  
  190  9:38  Hatchery  
  190  9:39  Zergling x4  
  191  9:46  Mutalisk x4  
  193  10:12  Mutalisk x2  
  193  10:13  Mutalisk  
  197  10:22  Mutalisk  
  197  10:26  Mutalisk  
  198  10:35  Zergling x2  
Show
View Real Time Build Order
Export as new Build Order

A.I. 1 (Hard) Terran 

Build Orders: MMM Bio 

Get SALT Encoding   

  12  0:00  SCV  
  13  0:13  SCV  
  14  0:19  Supply Depot  
  14  0:25  SCV  
  15  0:41  SCV  
  16  0:44  Barracks  
  16  0:53  SCV  
  17  1:05  SCV  
  18  1:16  Command Center  
  18  1:33  Marine, Orbital Command  
  18  1:39  Supply Depot  
  19  1:45  Refinery  
  19  1:51  Marine  
  20  1:58  SCV  
  20  2:00  Barracks  
  21  2:09  Refinery, Marine  
  21  2:11  SCV  
  23  2:23  SCV  
  23  2:26  Supply Depot  
  23  2:28  Barracks Tech Lab  
  24  2:37  SCV  
  25  2:46  SCV, Marine  
  25  2:50  SCV  
  28  2:57  Marine  
  29  2:58  SCV  
  29  3:02  SCV  
  31  3:09  Marauder  
  31  3:10  Factory  
  33  3:15  Barracks Tech Lab  
  33  3:18  Factory  
  33  3:23  Refinery  
  33  3:30  Marine  
  34  3:37  Refinery  
  34  3:54  Factory Tech Lab  
  34  3:59  SCV, Starport  
  34  4:01  SCV  
  34  4:02  Factory Tech Lab  
  36  4:05  Starport  
  36  4:12  Marauder  
  38  4:21  SCV  
  38  4:23  Reaper  
  40  4:24  SCV  
  41  4:33  SCV  
  41  4:35  Siege Tank  
  41  4:36  SCV  
  41  4:38  Supply Depot, Starport Tech Lab  
  46  4:42  Starport Tech Lab  
  46  4:45  SCV, Stimpack  
  47  4:46  Hellion  
  47  4:48  SCV  
  50  4:54  Combat Shields  
  50  4:57  SCV  
  51  5:00  SCV  
  51  5:05  Engineering Bay  
  52  5:09  SCV  
  52  5:12  SCV  
  54  5:17  Marine  
  55  5:21  SCV  
  55  5:26  SCV, Supply Depot  
  57  5:29  Marine  
  57  5:31  Terran Infantry Armor Level 1  
  57  5:33  SCV  
  59  5:38  SCV  
  59  5:40  Marine  
  61  5:48  SCV  
  61  5:49  Supply Depot  
  62  5:50  SCV  
  62  5:52  Marine  
  64  6:00  SCV  
  64  6:04  Marauder  
  67  6:11  SCV  
  68  6:12  Supply Depot, Concussive Shells  
  68  6:15  Marauder  
  70  6:27  Missile Turret, Marauder  
  70  6:31  Missile Turret  
  72  6:33  Missile Turret  
  72  6:34  SCV, Raven x2  
  72  6:37  Supply Depot  
  72  6:38  Reaper  
  78  6:41  Missile Turret  
  78  6:49  Hellion  
  78  6:50  Sensor Tower  
  78  6:52  Bunker  
  80  6:57  Armory  
  80  6:59  SCV  
  80  7:00  Barracks  
  80  7:01  Siege Tank  
  84  7:04  SCV  
  84  7:07  Supply Depot  
  85  7:12  Siege Tank, Bunker  
  88  7:25  Terran Infantry Weapons Level 1  
  87  7:48  Barracks Reactor  
  86  8:59  Siege Tank  
  86  9:00  Medivac x2  
  86  9:02  Supply Depot  
  93  9:05  Siege Tank  
  93  9:07  Engineering Bay  
  96  9:10  Command Center  
  88  9:30  Viking, Medivac  
  77  9:32  Hellion  
  77  9:34  Supply Depot  
  77  9:35  Marine  
  67  9:41  Marine  
  68  9:47  Marine  
  69  9:53  Hellion  
  69  9:58  Marine  
  69  9:59  Raven  
  72  10:04  Marine  
  73  10:08  Hellion  
  67  10:15  Hellion  
  67  10:19  Marauder  
  71  10:22  SCV  
  71  10:23  Marauder  
  71  10:24  SCV  
  71  10:25  SCV  
  63  10:30  Hellion  
  63  10:34  SCV  
  57  10:36  SCV  
  57  10:37  SCV  
  41  10:45  Marauder  
  41  10:46  SCV  
  41  10:48  SCV  
  41  10:49  SCV  
  27  10:57  Refinery  
Tags
 
Add a new tag
Caveats
  • Supply blocks, unpowered buildings, or Contaminate may cause inaccurate times.
  • Supply counts are checked every 10 seconds.